Map: Acid Plant LE

Players

Beez

  • Race: Zerg Zerg
  • Spawn Location: 5:00

Bly - Winner!

  • Race: Zerg Zerg
  • Spawn Location: 11:00

Event: WCS Montreal 2018

VOD

Have the link to the VOD?

Description

Time

  • Played on: Sept. 7, 2018, 1:11 p.m.
  • Length: 8:28

All games in this series

Show
View Real Time Build Order
Export as new Build Order

Beez Zerg 

Build Orders: Hatch First 

Get SALT Encoding   

  12  0:00  Drone  
  13  0:14  Overlord  
  13  0:18  Drone  
  14  0:32  Drone  
  14  0:33  Drone  
  16  0:36  Drone  
  17  0:52  Hatchery  
  17  0:55  Drone  
  17  0:58  Drone  
  18  1:09  Extractor  
  17  1:13  Spawning Pool  
  17  1:17  Drone  
  17  1:20  Drone  
  18  1:31  Drone  
  19  1:43  Overlord  
  19  1:58  Drone  
  20  2:04  Queen x2  
  20  2:05  Zergling x4  
  26  2:12  Metabolic Boost  
  26  2:17  Drone x2  
  28  2:24  Drone  
  29  2:40  Zergling x2  
  29  2:41  Zergling x4  
  29  2:42  Queen  
  34  2:53  Overlord  
  34  3:04  Baneling Nest  
  34  3:05  Drone x3  
  36  3:09  Overlord  
  36  3:26  Roach Warren  
  36  3:29  Drone  
  36  3:30  Drone x6, Evolution Chamber  
  42  3:38  Zergling x4  
  44  3:49  Overlord x2  
  42  3:57  Zerg Missile Weapons Level 1  
  41  4:04  Overlord  
  41  4:06  Lair  
  41  4:10  Roach x2  
  41  4:16  Roach  
  47  4:26  Drone  
  47  4:27  Drone x4  
  47  4:29  Drone  
  47  4:30  Extractor  
  52  4:31  Drone  
  52  4:35  Drone  
  52  4:37  Roach  
  56  4:41  Extractor  
  55  4:46  Overlord, Roach x2  
  55  4:49  Drone  
  61  4:55  Hatchery  
  61  4:59  Roach x2  
  64  5:00  Zergling x6  
  67  5:11  Drone x3  
  70  5:14  Extractor  
  69  5:32  Glial Reconstitution  
  69  5:33  Drone  
  69  5:34  Roach x3  
  69  5:35  Overlord x3  
  74  5:57  Zerg Missile Weapons Level 2  
  74  5:58  Zergling x2  
  74  5:59  Zergling x14  
  82  6:12  Overseer  
  82  6:15  Drone x4  
  82  6:16  Queen  
  82  6:18  Extractor, Overlord x2  
  83  6:37  Roach x5  
  83  6:38  Roach x4  
  93  6:47  Hydralisk Den  
  93  6:48  Roach  
  93  6:49  Roach x2  
  98  6:56  Drone x3  
  100  7:02  Spore Crawler  
  100  7:06  Spore Crawler, Queen  
  100  7:10  Spore Crawler  
  84  7:33  Roach  
  84  7:34  Roach x11  
  84  7:35  Zergling x2  
  80  7:45  Hydralisk, Spore Crawler  
  80  7:46  Hydralisk  
  79  7:54  Hydralisk  
  79  7:55  Hydralisk  
  83  8:02  Spore Crawler  
Show
View Real Time Build Order
Export as new Build Order

Bly Zerg - Winner!

Build Orders: Hatch First 

Get SALT Encoding   

  12  0:01  Drone  
  13  0:12  Overlord  
  13  0:18  Drone  
  14  0:31  Drone x2  
  16  0:48  Hatchery  
  15  0:54  Drone  
  15  0:56  Drone  
  17  1:00  Drone  
  18  1:12  Extractor  
  18  1:15  Spawning Pool  
  18  1:18  Drone  
  17  1:21  Drone  
  18  1:28  Drone  
  19  1:41  Drone  
  20  1:50  Overlord  
  20  2:03  Queen x2  
  24  2:08  Zergling x4  
  24  2:12  Zergling x2  
  24  2:14  Drone  
  28  2:24  Drone x2  
  30  2:33  Drone  
  30  2:34  Drone  
  32  2:41  Queen  
  32  2:42  Overlord  
  34  2:46  Drone  
  34  2:48  Lair  
  35  2:54  Drone  
  35  2:56  Overlord  
  36  3:09  Roach Warren  
  35  3:13  Evolution Chamber  
  35  3:14  Drone x4  
  38  3:21  Spine Crawler  
  38  3:25  Drone x3  
  40  3:32  Evolution Chamber  
  40  3:33  Extractor  
  38  3:36  Drone x3  
  38  3:39  Drone  
  42  3:44  Drone  
  42  3:46  Evolution Chamber  
  42  3:48  Extractor  
  41  3:53  Drone x2  
  42  4:01  Drone x3, Glial Reconstitution  
  43  4:05  Drone  
  43  4:06  Drone  
  43  4:08  Evolution Chamber  
  45  4:11  Zerg Missile Weapons Level 1  
  45  4:13  Drone  
  46  4:17  Drone x2  
  46  4:18  Drone  
  46  4:19  Drone  
  46  4:24  Overlord  
  50  4:28  Evolution Chamber  
  50  4:31  Overlord  
  50  4:45  Drone x3  
  53  4:46  Extractor, Drone  
  53  4:50  Roach x4  
  61  4:54  Roach  
  63  5:00  Roach  
  63  5:03  Spire  
  63  5:05  Roach  
  66  5:09  Roach  
  68  5:14  Overlord  
  68  5:15  Overlord  
  68  5:16  Overlord  
  68  5:24  Overseer  
  68  5:26  Overlord  
  68  5:34  Roach x6  
  80  5:42  Roach x3  
  86  5:57  Overlord x2  
  86  5:59  Hatchery  
  85  6:16  Mutalisk  
  85  6:17  Mutalisk x5  
  97  6:21  Mutalisk  
  97  6:24  Overlord  
  99  6:34  Overlord  
  95  6:44  Mutalisk x2  
  99  6:49  Drone x6  
  105  6:55  Overlord  
  105  6:58  Mutalisk  
  105  6:59  Mutalisk  
  105  7:01  Extractor  
  108  7:06  Extractor  
  107  7:13  Roach x6  
  115  7:33  Roach x9  
  125  7:38  Drone x2  
  125  7:39  Drone  
  126  7:52  Roach  
  126  7:53  Roach x3  
  126  7:55  Overseer  
Tags
 
Add a new tag
Caveats
  • Supply blocks, unpowered buildings, or Contaminate may cause inaccurate times.
  • Supply counts are checked every 10 seconds.